Map: Cactus Valley LE (Void)

Players

AgCl

  • Race: Protoss Protoss

Mars

  • Race: Protoss Protoss

MrTorrential

  • Race: Terran Terran

DreaMDrivE

  • Race: Terran Terran

VOD

Have the link to the VOD?

Description

Time

  • Played on: May 1, 2015, 7:33 a.m.
  • Length: 12:48
Show
View Real Time Build Order
Export as new Build Order

AgCl Protoss 

Build Orders: Oracle Opening, Oracle Opening, Carrier Rush 

Get SALT Encoding   

  12  0:01  Probe  
  13  0:13  Probe  
  14  0:18  Pylon  
  14  0:33  Probe  
  14  0:36  Gateway  
  14  0:41  Probe  
  16  0:53  Probe  
  17  0:58  Assimilator  
  17  1:05  Probe  
  18  1:12  Pylon  
  18  1:17  Probe  
  19  1:23  Cybernetics Core  
  19  1:28  Assimilator  
  19  1:29  Probe (Chrono Boost)  
  21  1:41  Probe (Chrono Boost)  
  21  1:46  Probe (Chrono Boost)  
  21  1:52  Probe  
  23  2:03  Probe  
  24  2:08  Adept  
  24  2:14  Stargate  
  26  2:15  Probe  
  27  2:29  Nexus  
  27  2:36  Pylon  
  27  2:44  Warp Gate  
  27  2:47  Mothership Core (Chrono Boost)  
  29  3:00  Probe  
  30  3:06  Pylon  
  30  3:08  Adept, Oracle  
  33  3:13  Probe  
  36  3:25  Probe  
  37  3:29  Pylon  
  37  3:37  Probe  
  38  3:45  Probe  
  39  3:50  Probe (Chrono Boost)  
  40  3:56  Fleet Beacon  
  40  4:00  Probe (Chrono Boost)  
  42  4:07  Probe (Chrono Boost)  
  42  4:19  Adept  
  42  4:20  Probe x2 (Chrono Boost)  
  44  4:24  Forge  
  44  4:25  Pylon  
  44  4:28  Assimilator  
  47  4:33  Assimilator  
  47  4:35  Probe (Chrono Boost)  
  44  4:38  Carrier (Chrono Boost)  
  44  4:40  Probe  
  44  4:42  Probe  
  45  4:49  Pylon  
  45  4:52  Probe  
  46  4:54  Probe  
  46  4:58  Graviton Catapult  
  47  5:05  Probe  
  54  5:07  Probe  
  55  5:14  Photon Cannon  
  55  5:16  Protoss Air Weapons Level 1  
  55  5:17  Probe  
  55  5:19  Probe  
  57  5:27  Adept  
  59  5:30  Probe  
  59  5:33  Photon Cannon  
  60  5:37  Probe  
  61  5:43  Probe  
  61  5:44  Stargate  
  62  6:03  Stalker, Pylon  
  63  6:04  Carrier (Chrono Boost)  
  63  6:10  Twilight Council  
  62  6:12  Pylon  
  62  6:15  Pylon  
  68  6:20  Protoss Ground Weapons Level 1 (Chrono Boost)  
  70  6:30  Carrier (Chrono Boost)  
  69  6:35  Twilight Council  
  69  6:36  Probe  
  69  6:41  Nexus  
  69  7:10  Zealot  
  69  7:13  Probe  
  69  7:14  Templar Archives  
  71  7:19  Probe  
  71  7:20  Gateway  
  71  7:22  Gateway  
  73  7:28  Probe (Chrono Boost)  
  74  7:31  Probe (Chrono Boost), Assimilator  
  74  7:34  Carrier (Chrono Boost)  
  74  7:35  Assimilator  
  75  7:41  Shield Upgrade  
  75  7:42  Probe (Chrono Boost)  
  75  7:43  Probe (Chrono Boost)  
  77  7:46  Stalker  
  77  7:47  Psionic Storm  
  77  7:50  Probe  
  78  7:58  Probe  
  85  8:00  Probe  
  86  8:10  Probe  
  87  8:14  Photon Cannon  
  87  8:16  Probe  
  87  8:18  Probe  
  89  8:22  Probe  
  89  8:23  High Templar  
  89  8:24  High Templar  
  94  8:28  Probe  
  94  8:31  Stargate, Robotics Facility  
  95  8:36  Probe x2  
  95  8:38  Phoenix (Chrono Boost)  
  99  8:43  Probe  
  99  8:47  Protoss Air Weapons Level 2  
  99  8:48  Probe x2  
  102  8:55  Probe  
  103  9:00  Zealot  
  103  9:01  Zealot x2  
  91  9:18  Nexus  
  84  9:27  Probe  
  81  9:36  Probe  
  79  9:44  High Templar  
  79  9:45  High Templar  
  78  10:03  Pylon  
  78  10:09  Observer (Chrono Boost)  
  79  10:20  Nexus  
  79  10:24  Observer (Chrono Boost)  
  74  10:36  High Templar x2  
  74  10:42  High Templar  
  60  11:09  High Templar  
  56  11:15  High Templar  
  58  11:23  Zealot  
  60  11:29  Immortal  
  60  11:33  Gateway  
  60  11:34  Gateway  
  60  11:36  Gateway  
  60  11:38  Gateway x2  
  64  11:42  Zealot x2  
  64  11:44  Zealot  
  70  12:03  Zealot x3  
  53  12:33  Archon x2  
  53  12:35  Adept x3  
Show
View Real Time Build Order
Export as new Build Order

Mars Protoss 

Build Orders:  

Get SALT Encoding   

  12  0:01  SCV  
  13  0:13  SCV  
  14  0:20  Supply Depot  
  14  0:25  SCV  
  15  0:41  SCV  
  16  0:45  Barracks  
  16  0:50  Refinery  
  16  0:53  SCV  
  17  0:59  Supply Depot  
  17  1:05  SCV  
  18  1:18  SCV  
  19  1:30  SCV  
  20  1:33  Reaper  
  21  1:42  Orbital Command  
  21  1:52  Command Center  
  21  2:08  SCV  
  21  2:12  Barracks Reactor  
  22  2:21  SCV  
  23  2:25  Barracks  
  23  2:33  SCV  
  23  2:34  Factory  
  24  2:44  Refinery  
  24  2:45  SCV  
  24  2:47  Supply Depot  
  24  2:49  Supply Depot  
  24  2:50  Marine x2  
  27  2:57  SCV  
  28  3:00  Missile Turret  
  28  3:08  Marine x2  
  30  3:17  Missile Turret  
  30  3:21  Orbital Command  
  30  3:29  Marine x2  
  30  3:32  SCV  
  33  3:43  Barracks Tech Lab  
  33  3:47  Marine x2  
  33  3:48  SCV x2  
  37  3:51  Widow Mine  
  39  4:00  SCV  
  40  4:12  Marine  
  37  4:20  SCV  
  37  4:23  Marine x2  
  35  4:24  Stimpack  
  35  4:26  SCV  
  35  4:30  Marine, Widow Mine  
  39  4:32  SCV  
  40  4:40  Marine  
  39  4:46  Marine  
  39  4:52  SCV x2  
  42  4:53  Missile Turret  
  42  4:55  Marine  
  43  5:00  Marine  
  43  5:04  SCV, Marine  
  43  5:05  SCV  
  47  5:12  Factory Reactor  
  47  5:13  Marine  
  48  5:14  Starport, Engineering Bay  
  48  5:17  SCV x2  
  48  5:18  Marine  
  51  5:26  Barracks  
  51  5:29  SCV x2  
  51  5:32  Refinery, Marine  
  51  5:33  Marauder  
  56  5:36  Supply Depot, Marine  
  56  5:41  SCV x2, Barracks  
  56  5:42  Terran Infantry Weapons Level 1, Supply Depot  
  59  5:44  Barracks  
  59  5:53  SCV x2, Marine  
  62  5:58  Marauder  
  62  5:59  Barracks  
  64  6:05  SCV x2, Marine  
  64  6:11  Marine  
  67  6:12  Medivac x2  
  67  6:17  SCV  
  72  6:19  Marauder  
  75  6:25  SCV  
  75  6:29  SCV, Widow Mine  
  75  6:31  Barracks Reactor, Barracks Tech Lab  
  78  6:39  Combat Shields  
  78  6:41  Refinery  
  78  6:42  Supply Depot  
  78  6:44  Supply Depot  
  78  6:45  Supply Depot  
  78  6:53  Barracks Tech Lab  
  78  6:59  SCV  
  78  7:03  Marauder, Medivac x2, Marine x2  
  78  7:05  Widow Mine  
  78  7:06  SCV  
  78  7:07  Marauder  
  91  7:11  SCV  
  92  7:18  SCV  
  92  7:19  Supply Depot  
  92  7:20  Marine x2  
  92  7:21  Marine x3  
  92  7:22  Command Center  
  98  7:23  SCV  
  98  7:25  Marauder  
  101  7:30  SCV  
  101  7:35  SCV, Marauder  
  101  7:36  Medivac  
  102  7:38  Marine x3  
  102  7:40  Medivac  
  102  7:41  Marauder  
  105  7:47  Marauder, Marine  
  108  7:55  Marine  
  108  7:56  Marauder, Marine  
  104  8:00  Terran Infantry Armor Level 1  
  104  8:03  Armory, Engineering Bay, SCV x2  
  104  8:04  Marine  
  104  8:05  Marine  
  108  8:10  Marine x2  
  109  8:13  Marine  
  110  8:33  Marine x3  
  110  8:34  SCV x2, Marauder x2  
  119  8:36  Orbital Command, Marauder  
  121  8:43  Marine  
  121  8:46  SCV x2  
  124  8:51  Refinery  
  124  8:57  Marauder  
  125  9:04  Marine  
  125  9:06  Marauder  
  125  9:08  Marauder  
  118  9:18  Marine x2  
  118  9:19  Marauder, Marine, Medivac  
  125  9:24  Marine  
  125  9:26  Supply Depot x2  
  125  9:27  Supply Depot x2  
  125  9:29  Supply Depot, Medivac  
  125  9:30  SCV x2, Marauder  
  125  9:31  Marauder  
  129  9:33  Widow Mine  
  129  9:35  Refinery, Marine  
  129  9:36  Marine  
  129  9:38  Marine  
  133  9:40  Marauder  
  133  9:42  Marine  
  113  9:46  SCV x2  
  113  9:52  Marauder x2  
  119  9:53  Marine x2  
  121  10:01  Medivac x2  
  121  10:02  Marauder, Widow Mine  
  121  10:04  SCV x3  
  130  10:09  Command Center  
  130  10:13  Marauder x2  
  132  10:22  Marine x4  
  132  10:23  Missile Turret, Marauder  
  135  10:34  Marine  
  135  10:35  Marauder  
  135  10:39  Marine x2  
  135  10:40  Marine x2  
  138  10:44  Marine  
  136  10:52  Marine  
  136  10:55  Marine  
  138  10:57  Marine x2  
  138  10:59  Marine x2  
  138  11:01  SCV  
  138  11:02  Marauder  
  145  11:10  Marauder  
  147  11:13  Barracks x2  
  147  11:14  Marauder  
  147  11:15  SCV x2, Barracks x2, Marine x2  
  147  11:16  Marine  
  147  11:17  Marine  
  155  11:24  Marauder  
  157  11:32  Marauder  
  159  11:38  Medivac x2  
  163  11:40  Refinery  
  163  11:41  Refinery  
  163  11:42  Marauder, Marine x4  
  163  11:45  Marauder  
  171  11:48  SCV  
  171  11:49  Barracks  
  171  11:53  Marauder  
  174  11:59  Factory Reactor, Marine x2  
  176  12:02  Barracks Reactor  
  176  12:03  Barracks Reactor  
  176  12:04  Marauder  
  176  12:05  Command Center, Starport  
Show
View Real Time Build Order
Export as new Build Order

MrTorrential Terran 

Build Orders:  

Get SALT Encoding   

Show
View Real Time Build Order
Export as new Build Order

DreaMDrivE Terran 

Build Orders:  

Get SALT Encoding   

Tags
 
Add a new tag
Caveats
  • Supply blocks, unpowered buildings, or Contaminate may cause inaccurate times.
  • Supply counts are checked every 10 seconds.